cohdb
Replays
Latest Replays
All Replays
Popular Replays
Top Player Replays
Match Explorer
How It Works
Community
CoH3 Stats
Reddit
Sign in to upload your games and track your stats! →
Sign in with Steam
Match 42449319
Unlisted
Match 42449319
Overview
Messages
Build Orders
End
Kradschützen Motorcycle Team
Selects Armored Support Battlegroup
Panzerpioneer Squad
Panzergrenadier Squad
Panzergrenadier Squad
250 Light Carrier
Construct Light Support Kompanie
Fire Support Elements
Flakvierling Half-track
Selects Veteran Gunners
Selects Salvage Kits
Veteran Squad Leaders
2.5-tonne Medical Truck
Panzerjäger Mechanized Group
Flakvierling Half-track
MG34 Team
2.5-tonne Medical Truck
Selects Flammpanzer III Medium Tank
Pak 38 Mechanized Group
Selects Flammpanzer III Medium Tank
Flammpanzer III Medium Tank
Selects Panzer Storm
Construct Panzerarmee Kommand
Flak 36 Anti-tank Gun Team
Selects Stuka Anti-tank Loiter
Trion
a small girl
Jokerface
panther
0
0
Comments
sign in to comment!
No comments posted yet!